AoeStats
← [Go]andres

Black Forest

509450546Analyzed
2v2 RM · 6d ago on Sep 26, 2026· 46m 15s· 4 players
Game mode
Random Map
Map size
Medium (4 player)
Population
200
Speed
Normal
Resources
Standard
Victory
Conquest
Starting age
Dark Age
Ending age
Imperial Age
RankedLock teamsTeams togetherTeam positionsShared explorationLock speedFull tech treeHidden civsTurbo modeCheats
Victory
Defeat
🇨🇱 Persians · Chile
666
+17
🇨🇱 Vietnamese · Chile
650
+17
🇦🇷 Poles · Argentina
708
-18
🇦🇷 Cumans · Argentina
660
-16
[Go]andres
0:26 Loom
12:00 Feudal Age
22:19 Castle Age
21:40 Bloodlines
21:47 Forging
24:01 Gold Mining
28:55 Stone Mining
30:20 Husbandry
33:07 Double-Bit Axe
33:48 Horse Collar
36:01 Iron Casting
38:27 Imperial Age
38:03 Bow Saw
38:39 Wheelbarrow
37:50 Town Watch
39:13 Ballistics
41:01 Two-Man Saw
41:09 Chemistry
40:05 Murder Holes
40:20 Masonry
40:37 Conscription
40:26 Heavy Plow
41:06 Elite War Elephant
43:57 Blast Furnace
43:08 Scale Barding Armor
43:10 Padded Archer Armor
44:10 Cavalier
m.angeldocks
7:04 Loom
11:37 Feudal Age
12:51 Double-Bit Axe
13:45 Gold Mining
15:27 Forging
15:34 Horse Collar
21:21 Castle Age
21:33 Crossbowman
22:14 Stone Mining
24:45 Fletching
26:16 Husbandry
29:30 Light Cavalry
31:43 Bloodlines
33:09 Ballistics
34:13 Bodkin Arrow
34:54 Iron Casting
35:37 Thumb Ring
35:41 Scale Barding Armor
36:25 Wheelbarrow
37:30 Padded Archer Armor
44:21 Imperial Age
43:30 Chain Barding Armor
44:53 Cavalier
46:47 Siege Engineers
benjaminmarquinez
13:22 Feudal Age
15:29 Man-at-Arms
24:14 Double-Bit Axe
32:45 Castle Age
32:55 Bloodlines
33:27 Pikeman
34:47 Squires
37:24 Light Cavalry
44:55 Loom
pagetmelina016
2:09 Loom
20:01 Feudal Age
20:07 Man-at-Arms
20:33 Arson
21:30 Wheelbarrow
20:37 Horse Collar
20:47 Double-Bit Axe
20:57 Gold Mining
21:02 Stone Mining
24:06 Town Watch
25:44 Bloodlines
28:12 Bloodlines
28:56 Forging
28:47 Scale Mail Armor
31:49 Castle Age
30:19 Fletching
30:30 Padded Archer Armor
32:00 Scale Barding Armor
32:48 Hand Cart
32:48 Bow Saw
32:42 Heavy Plow
33:20 Stone Shaft Mining
33:39 Iron Casting
34:31 Chain Mail Armor
34:27 Caravan
34:44 Bodkin Arrow
36:26 Szlachta Privileges
36:40 Leather Archer Armor
37:17 Town Patrol
41:12 Imperial Age
40:56 Murder Holes
40:42 Treadmill Crane
41:23 Ballistics
41:43 Bloodlines
41:34 Husbandry
40:55 Light Cavalry
41:41 Onager
41:55 Sappers
42:47 Conscription
43:02 Pikeman
43:45 Squires
47:06 Blast Furnace
Connection lost

Rejoining the realm…

Still unreachable

The connection could not be restored.

Session expired

The server has moved on; the page needs a fresh start.